 Dungeon Sprint DCSS version 0.23.2-30-g0e89c35649 (webtiles) character file.

Game seed: 1113515249462139482

11286 Kobolds4U the Warrior (level 11, -5/124 HPs)
             Began as a Minotaur Berserker on June 13, 2019.
             Was the Champion of Trog.
             Slain by a jiangshi (16 damage)
             ... summoned by a mummy priest
             ... in the Dungeon (Sprint I: "Red Sonja").
             The game lasted 00:20:00 (4178 turns).

Kobolds4U the Warrior (Minotaur Berserker)          Turns: 4178, Time: 00:20:00

Health: -5/124     AC: 18    Str: 22    XL:     11   Next: 47%
Magic:  5/10       EV: 20    Int:  4    God:    Trog [******]
Gold:   1594       SH:  0    Dex: 13    Spells: 10/10 levels left

rFire    + . .     SeeInvis +   a - +2 great sword (elec)
rCold    + . .     Gourm    .   (shield currently unavailable)
rNeg     + + .     Faith    .   o - +4 plate armour {rF+}
rPois    .         Spirit   .   (helmet restricted)
rElec    +         Reflect  .   (no cloak)
rCorr    .         Harm     .   (no gloves)
MR       .....     NoTele   +   (no boots)
Stlth    ..........             (no amulet)
HPRegen  0.30/turn              p - +6 ring of evasion
MPRegen  0.12/turn              u - ring "Waarhiax" {rElec rC+ rN++ Slay-4 SInv}

@: no status effects
A: retaliatory headbutt, horns 2
a: Berserk, Trog's Hand, Brothers in Arms, Renounce Religion


You were in the Dungeon.
You worshipped Trog.
Trog was exalted by your worship.
You were not hungry.

You visited 1 branch You collected 3842 gold pieces.
You spent 2248 gold pieces at shops.

Inventory:

Hand Weapons
 a - a +2 great sword of electrocution (weapon)
 c - a +1 antimagic great sword
 j - a +0 long sword of protection
 q - the +3 shortbow of Noepni {venom, rPois Dex+3}
   (Trog gifted it to you in the Dungeon)

   It poisons the ammo it fires.
   It affects your dexterity (+3).
   It protects you from poison.
 r - a +3 antimagic demon blade
Missiles
 t - 28 arrows
Armour
 o - a +4 plate armour of fire resistance (worn)
Jewellery
 p - a +6 ring of evasion (left hand)
 u - the ring "Waarhiax" (right hand) {rElec rC+ rN++ Slay-4 SInv}
   (You bought it in a shop in the Dungeon)

   [ring of protection from cold]

   It affects your accuracy and damage with ranged weapons and melee attacks
   (-4).
   It protects you from cold.
   It insulates you from electricity.
   It greatly protects you from negative energy.
   It lets you see invisible.
Wands
 s - a wand of digging (1)
Scrolls
 b - 2 scrolls of holy word {unknown}
 i - a scroll of blinking
 k - 3 scrolls of identify {unknown}
 m - 3 scrolls of remove curse {unknown}
Potions
 d - a potion of curing
 e - a potion of heal wounds
 f - a potion of haste
 g - 2 potions of magic
 h - a potion of berserk rage
 n - 2 potions of degeneration
Comestibles
 l - a ration (quivered)


   Skills:
 + Level 19.7 Fighting
 + Level 17.6 Long Blades
 - Level 10.7 Armour
 + Level 15.3 Dodging


You had 10 spell levels left.
You didn't know any spells.
Your spell library was empty.

Dungeon Overview and Level Annotations

Branches:
Dungeon (1/1)

Altars:
Cheibriados
Dithmenos
Elyvilon
Fedhas
Gozag
Hepliaklqana
Kikubaaqudgha
Makhleb
Nemelex Xobeh
Okawaru
Qazlal
Ru
Sif Muna
Trog
Uskayaw
Vehumet
Wu Jian
Xom
Yredelemnul
Zin
The Shining One
Jiyva
Lugonu

Shops:
D =?!%%([!!!:=*}[%

Annotations:
D exclusion: oklob plant


Innate Abilities, Weirdness & Mutations

You reflexively headbutt those who attack you in melee.
You have a pair of horns on your head.


Message History

You headbutt the jiangshi, but do no damage.
The jiangshi is almost destroyed.
The chaos spawn degenerates into a cloud of primal chaos!
The jiangshi is engulfed in a cloud of scalding steam.
The jiangshi claws you! The jiangshi claws you.
You closely miss the jiangshi.
The jiangshi is almost destroyed.
The jiangshi is engulfed in a cloud of scalding steam.
The jiangshi claws you!!
The jiangshi draws strength from your injuries!
The jiangshi claws you.
The jiangshi draws strength from your injuries!
The mummy priest calls on the powers of darkness!
Your body is wracked with pain!
* * * LOW HITPOINT WARNING * * *
The jiangshi claws you!
* * * LOW HITPOINT WARNING * * *
The jiangshi draws strength from your injuries!
The jiangshi claws you!
You die...

#####################
.§§§.§...'..#^^§§.§§#
###§§§§§##..'^§#V§§§##
.###§§§#######+#§§§.§#
'#.#§.+# #..#§§§§§#
^..§.#.# #..##V§§§#
.))###§.# #..§@##+##
.....# .#A# #..≈§§#
^....# ###$#..≈.##
##++## #..$#..≈##
#..## +###..≈ ##..###
P≈..# .#..#.### #M≈..
........# ###..
....○...# +..


You could see a mummy priest and a jiangshi.

Vanquished Creatures
  A lorocyproca (D)
  A deep elf annihilator (D)
  2 centaur warriors (D)
  A deep troll (D)
  An unseen horror (D)
  An oklob plant (D)
  A merfolk siren (D)
  A gargoyle (D)
  2 kobold demonologists (D)
  A demonic crawler (D)
  A hellwing (D)
  3 hornets (D)
  A meliai (D)
  A slime creature (D)
  Sigmund (D)
  2 redbacks (D)
  A yak (D)
  11 hogs (D)
  2 floating eyes (D)
  7 necrophages (D)
  An ogre (D)
  8 jellies (D)
  Ijyb (D)
52 creatures vanquished.

Vanquished Creatures (collateral kills)
  A hydra (D)
  An unseen horror (D)
  A lindwurm (D)
  3 demonic crawlers (D)
  2 hogs (D)
  A floating eye (D)
9 creatures vanquished.

Vanquished Creatures (others)
  A merfolk siren (D)
  A gargoyle (D)
  2 hornets (D)
4 creatures vanquished.

Grand Total: 65 creatures vanquished

Notes
Turn   | Place    | Note
-------+----------+-------------------------------------------
     0 | D        | Kobolds4U the Minotaur Berserker began the quest for the
                  | Orb.
     0 | D        | Reached XP level 1. HP: 19/19 MP: 0/0
     1 | D        | Noticed Ijyb
     8 | D        | Killed Ijyb
     8 | D        | Reached skill level 5 in Fighting
     8 | D        | Reached XP level 2. HP: 29/29 MP: 1/1
    23 | D        | Noticed an ogre
    26 | D        | Killed an ogre
    26 | D        | Reached skill level 7 in Fighting
    26 | D        | Reached XP level 3. HP: 39/39 MP: 2/2
    26 | D        | Reached XP level 4. HP: 47/47 MP: 3/3
    84 | D        | Noticed Sigmund
   101 | D        | Killed Sigmund
   101 | D        | Reached ** piety under Trog
   101 | D        | Reached skill level 9 in Fighting
   101 | D        | Reached XP level 5. HP: 13/57 MP: 4/4
   101 | D        | Reached XP level 6. HP: 15/64 MP: 5/5
   287 | D        | Killed a gargoyle
   350 | D        | Found an ornate altar of the Wu Jian Council.
   350 | D        | Found a deep blue altar of Sif Muna.
   352 | D        | Found a radiant altar of Vehumet.
   358 | D        | Found Quyti's Jewellery Emporium.
   358 | D        | Found an ancient bone altar of Kikubaaqudgha.
   358 | D        | Found a hazy altar of Hepliaklqana.
   358 | D        | Found a stormy altar of Qazlal.
   358 | D        | Found a hide-covered altar of Uskayaw.
   358 | D        | Found a blossoming altar of Fedhas.
   358 | D        | Found a bloodstained altar of Trog.
   358 | D        | Found an iron altar of Okawaru.
   358 | D        | Found a basalt altar of Yredelemnul.
   358 | D        | Found a glowing golden altar of the Shining One.
   358 | D        | Found a snail-covered altar of Cheibriados.
   358 | D        | Found a sacrificial altar of Ru.
   358 | D        | Found a glowing silver altar of Zin.
   358 | D        | Found a shadowy altar of Dithmenos.
   358 | D        | Found a white marble altar of Elyvilon.
   358 | D        | Noticed a yak
   365 | D        | Killed a yak
   365 | D        | Reached skill level 10 in Fighting
   366 | D        | Found an opulent altar of Gozag.
   367 | D        | Found a sparkling altar of Nemelex Xobeh.
   424 | D        | Found a burning altar of Makhleb.
   424 | D        | Found a viscous altar of Jiyva.
   424 | D        | Found a shimmering altar of Xom.
   424 | D        | Found a corrupted altar of Lugonu.
   424 | D        | Noticed a slime creature
   435 | D        | Killed a slime creature
   435 | D        | Reached *** piety under Trog
   435 | D        | Reached skill level 11 in Fighting
   435 | D        | Reached XP level 7. HP: 20/74 MP: 6/6
   688 | D        | Noticed a kobold demonologist
   688 | D        | Noticed a kobold demonologist
   691 | D        | Reached skill level 12 in Fighting
   702 | D        | Killed a kobold demonologist
   702 | D        | Reached skill level 13 in Fighting
   702 | D        | Reached XP level 8. HP: 75/88 MP: 7/7
   714 | D        | Noticed an ice devil
   715 | D        | Noticed an orange demon
   717 | D        | Noticed a rust devil
   717 | D        | Killed a kobold demonologist
   717 | D        | Reached **** piety under Trog
   717 | D        | Reached skill level 15 in Fighting
  1056 | D        | Noticed a centaur warrior
  1058 | D        | Noticed a centaur warrior
  1069 | D        | Killed a centaur warrior
  1069 | D        | Reached skill level 17 in Fighting
  1266 | D        | Killed a centaur warrior
  1266 | D        | Reached skill level 19 in Fighting
  1266 | D        | Reached XP level 9. HP: 85/107 MP: 8/8
  1346 | D        | Paralysed by a hornet for 2 turns
  1356 | D        | Reached skill level 5 in Dodging
  1705 | D        | Noticed an oklob plant
  1713 | D        | Killed an oklob plant
  1713 | D        | Reached ***** piety under Trog
  2081 | D        | Killed an unseen horror
  2081 | D        | Reached XP level 10. HP: 50/115 MP: 9/9
  2094 | D        | HP: 1/115 [something (6)]
  2094 | D        | Killed an unseen horror
  2367 | D        | Received a gift from Trog
  2377 | D        | Reached skill level 15 in Long Blades
  2414 | D        | Reached ****** piety under Trog
  2416 | D        | Received a gift from Trog
  2569 | D        | Found Kiuq's Distillery.
  2569 | D        | Found Zurizad's Magic Scroll Shop.
  2569 | D        | Found Terugad's Food Boutique.
  2571 | D        | Found Toegou Aptuu's Food Emporium.
  2571 | D        | Found Ziowk's Antique Weapon Shop.
  2571 | D        | Found Kumac's Antique Armour Shoppe.
  2571 | D        | Found Ahecytsun's Distillery.
  2571 | D        | Found Xungeg's Distillery.
  2571 | D        | Found Enuonub's Distillery.
  2571 | D        | Found Huyqaek's Book Shoppe.
  2575 | D        | Found Kasiluas's Jewellery Boutique.
  2576 | D        | Found Miumedi's Gadget Emporium.
  2576 | D        | Found Cuplaul's General Store.
  2577 | D        | Found Raope's Food Emporium.
  2579 | D        | Bought a potion of degeneration for 14 gold pieces
  2593 | D        | Bought a glowing plate armour for 520 gold pieces
  2644 | D        | Bought a +6 ring of evasion for 1092 gold pieces
  2689 | D        | Bought a ration for 60 gold pieces
  2689 | D        | Bought a ration for 60 gold pieces
  2689 | D        | Bought a ration for 60 gold pieces
  2751 | D        | Noticed a lindwurm
  2755 | D        | Killed a lindwurm
  2755 | D        | Reached skill level 5 in Armour
  2763 | D        | Received a gift from Trog
  2776 | D        | Got a bloodstained shortbow {god gift}
  2796 | D        | Received a gift from Trog
  2796 | D        | Reached XP level 11. HP: 112/122 MP: 10/10
  2869 | D        | Identified the +3 shortbow of Noepni {venom, rPois Dex+3}
                  | (Trog gifted it to you in the Dungeon)
  3040 | D        | Killed a lorocyproca
  3040 | D        | Reached skill level 10 in Armour
  3738 | D        | Noticed a deep troll
  3752 | D        | Killed a deep troll
  3795 | D        | Found Suotusyi's Armour Emporium.
  3832 | D        | Bought the ring "Waarhiax" {rElec rC+ rN++ Slay-4 SInv} for
                  | 442 gold pieces
  3994 | D        | Noticed a daeva
  3999 | D        | Noticed a 12-headed hydra
  4005 | D        | Killed a 12-headed hydra
  4123 | D        | Noticed a deep elf annihilator
  4124 | D        | Noticed a mummy priest
  4126 | D        | Reached skill level 15 in Dodging
  4133 | D        | Killed a deep elf annihilator
  4133 | D        | Received a gift from Trog
  4146 | D        | Noticed an oklob plant
  4147 | D        | Noticed a jiangshi
  4178 | D        | Slain by a jiangshi

Skill      XL: |  1  2  3  4  5  6  7  8  9 10 11 |
---------------+----------------------------------+-----
Fighting       | 5 7 9 11 13 19 | 19.7
Long Blades    | 6 9 12 14 16 17 | 17.6
Dodging        | 11 14 15 | 15.3
Armour         | 9 10 | 10.7

Action                   |  1- 3 |  4- 6 |  7- 9 | 10-12 || total
-------------------------+-------+-------+-------+-------++-------
Melee: Falchion          |     8 |    28 |    74 |    31 ||   141
       Headbutt          |     3 |     6 |    18 |    30 ||    57
       Great sword       |       |       |       |    99 ||    99
 Fire: Shortbow          |       |       |       |     4 ||     4
Invok: Berserk           |     1 |       |     1 |     1 ||     3
       Brothers in Arms  |       |       |       |     4 ||     4
       Trog's Hand       |       |       |       |     2 ||     2
Evoke: Wand              |       |       |       |     2 ||     2
 Stab: Sleeping          |       |       |     1 |       ||     1
  Eat: Chunk             |       |       |     3 |       ||     3
       Ration            |       |       |     1 |     3 ||     4
Armor: Animal skin       |     3 |       |       |       ||     3
       Leather armour    |       |     1 |    18 |     5 ||    24
       Plate armour      |       |       |       |    33 ||    33
Dodge: Dodged            |     3 |    10 |    40 |    94 ||   147
       Rpst.: Falchion   |     1 |     2 |    10 |     2 ||    15
       Great sword       |       |       |       |     9 ||     9
